 Dungeon Crawl Stone Soup version 0.21-a0-522-ga8338f0 (webtiles) character file.

3 slep the Poker (level 1, -3/9 HPs)
             Began as a Vine Stalker Wanderer on Dec 6, 2017.
             Slain by a hobgoblin (4 damage)
             ... on level 1 of the Dungeon.
             The game lasted 00:01:14 (76 turns).

slep the Poker (Vine Stalker Wanderer)                Turns: 76, Time: 00:01:14

Health: -3/9       AC:  2    Str: 17    XL:     1   Next: 50%
Magic:  0/3        EV: 11    Int: 10    God:
Gold:   7          SH:  0    Dex: 12    Spells: 2/2 levels left

rFire    . . .     SeeInvis .   h - +0 spear
rCold    . . .     Gourm    .   (no shield)
rNeg     . . .     Faith    .   d - +0 robe
rPois    .         Spirit   +   (no helmet)
rElec    .         Reflect  .   (no cloak)
rCorr    .         Harm     .   (no gloves)
MR       .....                  (no boots)
Stlth    +.........             (no amulet)
HPRegen  0.03/turn              (no ring)
MPRegen  0.08/turn              (no ring)

@: no status effects
A: fangs 2, magic shield, antimagic bite, no potion heal 3, rot immunity
a: no special abilities


You were on level 1 of the Dungeon.
You were not hungry.

You visited 1 branch of the dungeon, and saw 1 of its levels.

You collected 7 gold pieces.

Inventory:

Hand Weapons
 b - a +2 blowgun
 h - a +0 spear (weapon)
Missiles
 a - 2 curare-tipped needles
Armour
 d - a +0 robe (worn)
Scrolls
 g - a scroll of identify {unknown}
 i - a scroll of immolation {unknown}
Potions
 e - a potion of invisibility {unknown}
Books
 c - the Reference Book on Contamination

   Spells                             Type                      Level
   a - Sting                          Conjuration/Poison           1
   b - Mephitic Cloud                 Conjuration/Poison/Air       3
Comestibles
 f - a bread ration


   Skills:
 + Level 2.8 Polearms
 + Level 1.0 Throwing
 + Level 1.1 Spellcasting
   Level 2.0 Hexes
   Level 2.0 Ice Magic
   Level 1.0 Evocations


You had 2 spell levels left.
You didn't know any spells.

Dungeon Overview and Level Annotations

Branches:
Dungeon (1/15)

Altars:


Innate Abilities, Weirdness & Mutations

You have extremely sharp teeth.
When hurt, damage is shared between your health and your magic reserves.
Your bite disrupts and absorbs the magic of your enemies.
Potions cannot restore your health.
You are immune to rotting.


Message History

The goblin hits you but does no damage. The hobgoblin barely misses you.
You hit the goblin.
You kill the goblin!
The hobgoblin hits you.
You barely miss the goblin. The hobgoblin hits you.
* * * LOW HITPOINT WARNING * * *
The goblin closely misses you.
You closely miss the goblin. Your bite misses the goblin.
The hobgoblin closely misses you. The goblin closely misses you.
You hit the goblin. You bite the goblin. You drain its power.
You feel invigorated.
The goblin is heavily wounded.
The hobgoblin closely misses you. The goblin closely misses you.
You hit the goblin but do no damage.
The goblin is heavily wounded.
The hobgoblin closely misses you. The goblin barely misses you.
You closely miss the goblin.
The goblin is heavily wounded.
The hobgoblin hits you.
You die...

##########
#........# #.....?..
#....... ..... #..#
#g#######
##@g.#...##
##.........##.
#............. ...
#...........######.#
#...........#≈≈≈≈♣.♣
##....†.....#≈..(♣.♣
##...#.....#≈.P....
#.#.####..#≈PPP...
#...# #..#♣.P....


You could see a hobgoblin and a goblin.

Vanquished Creatures
  A giant cockroach (D:1)
  2 bats (D:1)
  A goblin (D:1)
4 creatures vanquished.

Notes
Turn   | Place    | Note
-------+----------+-------------------------------------------
     0 | D:1      | slep the Vine Stalker Wanderer began the quest for the Orb.
     0 | D:1      | slep set off with: 2 curare-tipped needles, a +2 blowgun, the Reference Book on Contamination, a +0 robe, a bread ration
     0 | D:1      | Reached XP level 1. HP: 9/9 MP: 3/3
    76 | D:1      | Slain by a hobgoblin

Vault maps used:
D:1:      ldierk_walled_garden

Action                   || total
-------------------------++-------
Melee: Spear             ||    21
       Bite              ||     4
Armor: Robe              ||     5
Dodge: Dodged            ||    16

Table legend:
 A = Spawn XP
 B = Non-spawn XP
 C = Spawn XP percentage of total XP
 D = Spawn monster count
 E = Non-spawn monster count
 F = Spawn count percentage of total count
 G = Total turns spent on level
                    A         B        C        D         E        F      G
               +---------+---------+-------+---------+---------+-------+---------
         Total |       0 |       5 |   0.0 |       0 |       4 |   0.0 |    76
               +---------+---------+-------+---------+---------+-------+---------
           D:1 |       0 |       5 |   0.0 |       0 |       4 |   0.0 |    76
               +---------+---------+-------+---------+---------+-------+---------
